 Dungeon Crawl Stone Soup version 0.29-a0-409-gd843f3a48c (webtiles) character file.

Game seed: 16585377052282963765

2 runemasterragnar the Shield-Bearer (level 1, -4/16 HPs)
             Began as an Octopode Fighter on May 14, 2022.
             Slain by a gnoll
             ... wielding a +0 club
              (7 damage)
             ... on level 1 of the Dungeon.
             The game lasted 00:00:21 (348 turns).

runemasterragnar the Shield-Bearer (OpFi)            Turns: 348, Time: 00:00:21

Health: -4/16      AC:  1    Str: 15    XL:     1   Next: 40%
Magic:  1/1        EV: 13    Int: 10    God:
Gold:   37         SH:  4    Dex: 11    Spells: 0/0 levels left

rFire   . . .      SeeInvis .   a - +0 long sword
rCold   . . .      Faith    .   b - +0 buckler
rNeg    . . .      Spirit   .   (helmet restricted)
rPois   .          Reflect  .   (no amulet)
rElec   .          Harm     .   (no ring)
rCorr   .          Rampage  .   (no ring)
Will    .....                   (no ring)
Stlth   ++........              (no ring)
HPRegen 0.05/turn               (no ring)
MPRegen 0.07/turn               (no ring)
                                (no ring)
                                (no ring)

@: no status effects
A: almost no armour, amphibious, 8 rings, camouflage 1, gelatinous body 1,
(nimble swimmer 1), tentacles
a: no special abilities


You were on level 1 of the Dungeon.
You visited 1 branch of the dungeon, and saw 1 of its levels.

You collected 37 gold pieces.

Inventory:

Hand Weapons
 a - a +0 long sword (weapon)
Armour
 b - a +0 buckler (worn)
Jewellery
 g - a ring of see invisible
Scrolls
 d - a scroll of fog {unknown}
 e - a scroll of enchant weapon {unknown}
 f - a scroll of identify {unknown}
Potions
 c - a potion of might


   Skills:
 + Level 3.0 Fighting
 * Level 2.0 Long Blades
 + Level 3.0 Dodging
 + Level 0.2 Stealth
 + Level 3.0 Shields
 + Level 0.0 Unarmed Combat


You couldn't memorise any spells.
You didn't know any spells.
Your spell library was empty.

Dungeon Overview and Level Annotations

Branches:
Dungeon (1/15)

Altars:


Innate Abilities, Weirdness & Mutations

You cannot wear most types of armour.
You are amphibious.
You can wear up to eight rings at the same time.
Your skin changes colour to match your surroundings (Stealth+).
Your rubbery body absorbs attacks. (AC +1, EV +1)
((You are camouflaged when in or above water. (Stealth+)))
You have tentacles for arms and can constrict up to eight enemies at once.


Message History

You open the door.
There is an open door here.
You open the door.
There is an open door here.
There is an open door here.
Found a stone staircase leading down.
f - a scroll labelled YNLOGOCUZE
g - a ring of see invisible You now have 37 gold pieces (gained 8).
You open the door.
There is an open door here.
A gnoll is nearby!
A gnoll is nearby!
A gnoll is nearby!
A rat comes into view.
Found a ruby potion.
The gnoll shouts!
The gnoll barely misses you.
You hit the gnoll. Your grab misses the gnoll.
The gnoll is lightly wounded.
The gnoll barely misses you.
You completely miss the gnoll. Your grab misses the gnoll.
The gnoll is lightly wounded.
The gnoll hits you with a +0 club. The gnoll closely misses you.
You block the rat's attack.
You closely miss the gnoll. Your grab misses the gnoll.
The gnoll is lightly wounded.
The rat misses you. The gnoll barely misses you.
You hit the gnoll. Your grab misses the gnoll.
You squeeze the gnoll, but do no damage.
The gnoll is moderately wounded.
The rat completely misses you. The gnoll hits you with a +0 club!
Ouch! That really hurt!
* * * LOW HITPOINT WARNING * * *
You are too injured to fight recklessly!
You are too injured to fight recklessly!
You hit the gnoll. Your grab misses the gnoll.
The gnoll is severely wounded.
The rat closely misses you. The gnoll hits you with a +0 club!
You die...

#.# #.# ####.#
#....# .
####.##.# #
..#.......#.#
#....PPP....#
#..PPP..PP..#
#.....r@.P..#
##.P..g.....#
#.PP....P.....
#.PP...PP..###
#!.P.PPP.....
####.......#..#.
##.............#
..............#
#########........


You could see a gnoll and a rat.

Vanquished Creatures
  A ball python (D:1)
  A frilled lizard (D:1)
  A rat (D:1)
3 creatures vanquished.

Notes
Turn   | Place    | Note
-------+----------+-------------------------------------------
     0 | D:1      | runemasterragnar the Octopode Fighter began the quest for
                  | the Orb.
     0 | D:1      | Reached XP level 1. HP: 16/16 MP: 1/1
   348 | D:1      | Slain by a gnoll

Illustrated notes

Levels and vault maps discovered:
D:1:      elethiomel_arrival_quiet, layout_basic, nicolae_grassy_gnolls

Action                   || total
-------------------------++-------
Melee: Long sword        ||     9
       Tentacles         ||     2
       Constrict         ||     1
 Stab: Sleeping          ||     1
Dodge: Dodged            ||     9
Block: Buckler           ||     1

Table legend: (Time is in decaauts)
 A = Elapsed time spent in this place.
 B = Non-inter-level travel time spent in this place.
 C = Inter-level travel time spent in this place.
 D = Time resting spent in this place.
 E = Time spent auto-exploring this place.
 F = Levels seen in this place.
 G = Mean time per level.
                   A        B        C        D        E       F      G
               +--------+--------+--------+--------+--------+-----+--------+
         Total |    350 |    326 |     24 |      0 |    271 |   1 |  350.0 |
       Dungeon |    350 |    326 |     24 |      0 |    271 |   1 |  350.0 |
               +--------+--------+--------+--------+--------+-----+--------+

Top non-repeatable levels by time:
     D:1: 350 daAuts
